 Dungeon Crawl Stone Soup version 0.32-a0-43-g058985b245 (webtiles) character file.

Game seed: 10100436611086527499

1568 cforsyth the Fighter (level 9, -2/70 HPs)
             Began as a Djinni Warper on Feb 4, 2024.
             Slain by a wyvern (17 damage)
             ... on level 6 of the Dungeon.
             The game lasted 00:10:04 (5862 turns).

cforsyth the Fighter (Djinni Warper)                Turns: 5862, Time: 00:10:04

Health: -2/70      AC:  3    Str: 10    XL:     9   Next: 13%
Gold:   239        EV: 11    Int: 20    God:
                   SH:  0    Dex: 12

rFire   + + .        k - staff of cold
rCold   . . .        (no shield)
rNeg    . . .        b - +0 leather armour
rPois   ∞            (no helmet)
rElec   .            (no cloak)
rCorr   .            (no gloves)
SInv    +            (boots unavailable)
Will    .....        e - amulet of regeneration
Stlth   +            n - ring of see invisible
HPRegen 1.11/turn    (no ring)
MPRegen 0.00/turn

%: infuse magic (-3 HP)
@: flying, very slightly contaminated
A: sickness immunity, fire resistance 2, cold vulnerability 1, float, innate
caster, HP casting, extra vitality 1
a: no special abilities


You were on level 6 of the Dungeon.
You visited 1 branch of the dungeon, and saw 6 of its levels.

You collected 239 gold pieces.

Inventory:

Hand Weapons
 a - a +0 falchion
 m - a +2 dagger of speed
 q - a +2 whip of venom
Missiles
 d - 3 darts of dispersal
 l - 6 poisoned darts
Armour
 b - a +0 leather armour (worn)
 B - the +0 chain mail of the Jackalope {Rampage Regen+ Dex-2 Stlth+}
   (You found it on level 6 of the Dungeon)

   Dex-2:     It affects your dexterity (-2).
   Regen+:    It increases your rate of health regeneration.
   Rampage:   It bestows one free step when moving towards enemies.
   Stlth+:    It makes you more stealthy.
Magical Staves
 k - a staff of cold (weapon)
Jewellery
 e - an amulet of regeneration (around neck)
 n - a ring of see invisible (left hand)
 x - an amulet of reflection
Wands
 y - a wand of digging (5)
Scrolls
 c - a scroll of blinking
 h - a scroll of enchant armour {unknown}
 j - 2 scrolls of poison {unknown}
 p - a scroll of brand weapon {unknown}
 r - 3 scrolls of immolation {unknown}
 t - 2 scrolls of teleportation {unknown}
 w - a scroll of fog {unknown}
 A - a scroll of torment
Potions
 f - a potion of brilliance
 g - a potion of cancellation
 i - 5 potions of curing
 o - a potion of attraction
 s - a potion of might
 u - 3 potions of enlightenment
 v - a potion of heal wounds
 z - a potion of mutation
 C - a potion of lignification {unknown}


   Skills:
 + Level 8.1 Fighting
 - Level 1.7 Long Blades
 - Level 0.7 Throwing
 - Level 1.0 Armour
 - Level 2.1 Dodging
 + Level 6.5 Spellcasting
 + Level 6.5 Conjurations
 + Level 6.5 Hexes
 + Level 6.5 Summonings
 + Level 6.5 Necromancy
 + Level 6.5 Translocations
 + Level 6.5 Fire Magic
 + Level 6.5 Ice Magic
 + Level 6.5 Air Magic
 + Level 6.5 Earth Magic
 + Level 6.5 Alchemy


You knew the following spells:

 Your Spells              Type           Power      Damage    Failure   Level
a - Blink                 Tloc           64%        N/A       1%          2
b - Lesser Beckoning      Tloc           64%        N/A       1%          2
c - Teleport Other        Tloc           32%        N/A       2%          3
d - Manifold Assault      Tloc           32%        N/A       9%          4
e - Vhi's Electric Charg  Tloc/Air       64%        N/A       9%          4
f - Necrotise             Necr           100%       1d9       1%          1
g - Jinxbite              Hex            64%        N/A       1%          2
h - Ozocubu's Armour      Ice            49%        N/A       2%          3
i - Flame Wave            Conj/Fire      32%        2d9       9%          4
Your spell library was empty.

Dungeon Overview and Level Annotations

Branches:
Dungeon (6/15)             Temple (0/1) D:4

Altars:
Nemelex Xobeh
Ru

Annotations:
D:3 Grinder
D:6 Jeremiah


Innate Abilities, Weirdness & Mutations

You are immune to sickness and miasma.
You are immune to poison.
Your flesh is very heat resistant. (rF++)
You are vulnerable to cold. (rC-)
You float through the air rather than walking.
You learn spells naturally, not from books.
Your magical power is your life essence.
You have superior vitality. (+4 MHP)


Message History

The wyvern bites you!
A wave of flame ripples out!
The flame wave engulfs the wyvern.
The wyvern is moderately wounded.
You finish channelling waves of flame.
You hear a croak.
You hear an angry growl.
The wyvern bites you.
Casting: Flame Wave (dangerous; 10% risk of failure)
Confirm with . or Enter, or press ? or * to list all spells.
Casting: Flame Wave (dangerous; 10% risk of failure)
Press: ? - help, Dir - look around, f - activate A wave of flame ripples out!
The flame wave engulfs the wyvern.
The wyvern is moderately wounded. (Press . to intensify the flame waves.)
The wyvern bites you! The wyvern closely misses you.
A wave of flame ripples out!
The flame wave engulfs the wyvern.
The wyvern is heavily wounded.
The flame wave engulfs the orc wizard!
You kill the orc wizard!
The wyvern closely misses you.
Your magical contamination has completely faded away.
A wave of flame ripples out!
The flame wave engulfs the wyvern.
The wyvern is severely wounded.
The flame wave engulfs the butterfly!
You kill the butterfly!
The butterfly disappears in a burst of colours!
You finish channelling waves of flame.
You hear a croak.
The wyvern bites you!
* * * LOW HITPOINT WARNING * * *
The wyvern barely misses you.
Casting: Flame Wave (dangerous; 9% risk of failure)
Confirm with . or Enter, or press ? or * to list all spells.
Casting: Flame Wave (dangerous; 9% risk of failure)
Press: ? - help, Dir - look around, f - activate You miscast Flame Wave.
You are very lightly contaminated with residual magic.
Nothing appears to happen.
* * * LOW HITPOINT WARNING * * *
The wyvern bites you!
You die...

.#......)..o... ###
...!........... ##..
........F...... ##...
........b#b.. ##....
............ ##.....
..<.......# ##......
........$.## ##.......
...........# #........
......!k@..# ##........
...........## ##.........
............###..........
####...####..............
#... ####........... #...
##...>...).. #....
#.......... ..(.
##........# ##.....#.#


You could see Jeremiah and a wyvern.

Vanquished Creatures
  A sky beast (D:6)
  An orc warrior (D:4)
  An ice beast (D:6)
  3 black bears
  2 ogres
  A phantom (D:5)
  2 scorpions (D:5)
  2 bombardier beetles
  An orc priest (D:5)
  A hound (D:6)
  3 iguanas
  6 orc wizards
  Natasha (thrice) (D:2)
  Robin (D:1)
  8 adders
  3 gnolls (D:2)
  2 ribbon worms (D:5)
  A dart slug (D:3)
  8 orcs
  5 endoplasms
  A giant cockroach (D:4)
  16 goblins
  12 hobgoblins
  6 jackals
  6 kobolds
  3 quokkas
  5 ball pythons
  5 bats
  7 frilled lizards
  5 rats
121 creatures vanquished.

Vanquished Creatures (collateral kills)
  A ribbon worm (D:2)
  A dart slug (D:2)
  3 orcs
  2 endoplasms
7 creatures vanquished.

Grand Total: 128 creatures vanquished

Notes
Turn   | Place    | Note
-------+----------+-------------------------------------------
     0 | D:1      | cforsyth the Djinni Warper began the quest for the Orb.
     0 | D:1      | cforsyth set off with the following spells memorised:
                  | Blink, Lesser Beckoning, Teleport Other, Manifold Assault,
                  | Vhi's Electric Charge.
     0 | D:1      | Reached XP level 1. HP: 18/18 MP: 0/0
   150 | D:1      | Reached XP level 2. HP: 20/23 MP: 0/0
   618 | D:1      | Reached XP level 3. HP: 14/29 MP: 0/0
   618 | D:1      | Learned a level 1 spell: Necrotise
  1123 | D:2      | Reached skill level 3 in Fighting
  1127 | D:2      | Noticed Robin
  1174 | D:1      | Reached XP level 4. HP: 20/35 MP: 0/0
  1318 | D:1      | Killed Robin
  1584 | D:2      | Noticed Natasha
  1592 | D:2      | Killed Natasha
  1593 | D:2      | Reached XP level 5. HP: 34/41 MP: 0/0
  1593 | D:2      | Learned a level 2 spell: Jinxbite
  1859 | D:2      | Reached skill level 4 in Fighting
  1916 | D:2      | Noticed Natasha
  1921 | D:2      | Killed Natasha
  1970 | D:2      | Noticed Natasha
  1975 | D:2      | Killed Natasha
  1976 | D:2      | Reached XP level 6. HP: 37/48 MP: 0/0
  2757 | D:3      | Noticed Grinder
  2761 | D:3      | Paralysed by Grinder for 2 turns
  2832 | D:3      | Found the +1 Delatra's gloves {ID++}
  3079 | D:4      | Found a staircase to the Ecumenical Temple.
  3245 | D:4      | Reached skill level 5 in Fighting
  3444 | D:4      | Noticed a black bear
  3724 | D:5      | Entered Level 5 of the Dungeon
  3739 | D:5      | Noticed a black bear
  3741 | D:5      | Reached XP level 7. HP: 46/54 MP: 0/0
  3741 | D:5      | Learned a level 3 spell: Ozocubu's Armour
  3819 | D:5      | Reached skill level 5 in Spellcasting
  3819 | D:5      | Reached skill level 5 in Conjurations
  3819 | D:5      | Reached skill level 5 in Hexes
  3819 | D:5      | Reached skill level 5 in Summonings
  3819 | D:5      | Reached skill level 5 in Necromancy
  3819 | D:5      | Reached skill level 5 in Translocations
  3819 | D:5      | Reached skill level 5 in Fire Magic
  3819 | D:5      | Reached skill level 5 in Ice Magic
  3819 | D:5      | Reached skill level 5 in Air Magic
  3819 | D:5      | Reached skill level 5 in Earth Magic
  3819 | D:5      | Reached skill level 5 in Alchemy
  4166 | D:4      | Reached skill level 6 in Fighting
  4204 | D:5      | Reached XP level 8. HP: 61/61 MP: 0/0
  4968 | D:4      | Reached skill level 7 in Fighting
  5149 | D:5      | Found a sparkling altar of Nemelex Xobeh.
  5221 | D:6      | Found a sacrificial altar of Ru.
  5258 | D:6      | Identified the +0 chain mail of the Jackalope {Rampage
                  | Regen+ Dex-2 Stlth+}
  5679 | D:6      | Reached XP level 9. HP: 25/70 MP: 0/0
  5679 | D:6      | Learned a level 4 spell: Flame Wave
  5788 | D:6      | Reached skill level 8 in Fighting
  5857 | D:6      | Noticed Jeremiah
  5862 | D:6      | Slain by a wyvern

Illustrated notes

Levels and vault maps discovered:
D:1:      sevenhm_arrival_forest_fort_small_6, layout_loops_corners
D:2:      layout_rooms, hangedman_decor_push, kennysheep_pointless_box,
          minmay_misc_feat_nine_boxes, ebering_dispersal_statue_hall,
          uniq_natasha, uniq_robin
D:3:      layout_basic, dreamdust_ecumenical_altar_angels_and_demons,
          minivault_27, pf_guarded_unrand_delatra, uniq_grinder
D:4:      layout_loops_ring, minmay_temple_entry_statues_pillars,
          minmay_misc_feat_more_columns, nicolae_half_adder
D:5:      layout_gridville, nemelex_diamond_rough_becter, kennysheep_donut,
          minmay_fountain_box
D:6:      layout_cave_pods, nicolae_ru_awakened_eye, uniq_jeremiah

Skill      XL: |  1  2  3  4  5  6  7  8  9 |
---------------+----------------------------+-----
Spellcasting   | 3 4 5 6 |  6.5
Conjurations   | 3 4 5 6 |  6.5
Hexes          | 3 4 5 6 |  6.5
Summonings     | 3 4 5 6 |  6.5
Necromancy     | 3 4 5 6 |  6.5
Translocations | 3 4 5 6 |  6.5
Fire Magic     | 3 4 5 6 |  6.5
Ice Magic      | 3 4 5 6 |  6.5
Air Magic      | 3 4 5 6 |  6.5
Earth Magic    | 3 4 5 6 |  6.5
Alchemy        | 3 4 5 6 |  6.5
Fighting       | 3 4 5 6 7 8 |  8.1
Long Blades    | |  1.7
Throwing       | |  0.7
Armour         | |  1.0
Dodging        | |  2.1

Action                     |  1- 3 |  4- 6 |  7- 9 || total
---------------------------+-------+-------+-------++-------
  Melee: Falchion          |    66 |       |       ||    66
         Whip              |     2 |    11 |    40 ||    53
         Dagger            |     2 |       |       ||     2
         Staff             |       |       |    43 ||    43
         Punch             |       |       |     2 ||     2
  Throw: Dart              |     4 |       |       ||     4
   Cast: Necrotise         |    33 |   142 |   120 ||   295
         Blink             |       |     1 |     5 ||     6
         Ozocubu's Armour  |       |       |     5 ||     5
         Teleport Other    |       |       |     3 ||     3
         Flame Wave        |       |       |     3 ||     3
    Use: Scroll            |       |     5 |     6 ||    11
         Potion            |       |       |     1 ||     1
   Stab: Sleeping          |       |     1 |       ||     1
 Armour: Leather armour    |    76 |    54 |   147 ||   277
  Dodge: Dodged            |    64 |    57 |    97 ||   218

Table legend: (Time is in decaauts)
 A = Elapsed time spent in this place.
 B = Non-inter-level travel time spent in this place.
 C = Inter-level travel time spent in this place.
 D = Time resting spent in this place.
 E = Time spent auto-exploring this place.
 F = Levels seen in this place.
 G = Mean time per level.
                   A        B        C        D        E       F      G
               +--------+--------+--------+--------+--------+-----+--------+
         Total |   5895 |   5731 |    164 |    920 |   3564 |   6 |  982.5 |
       Dungeon |   5895 |   5731 |    164 |    920 |   3564 |   6 |  982.5 |
               +--------+--------+--------+--------+--------+-----+--------+

Top non-repeatable levels by time:
     D:4: 1460 daAuts
     D:1: 1312 daAuts
     D:2: 1158 daAuts
     D:3: 717 daAuts
     D:6: 673 daAuts
     D:5: 572 daAuts
